AoeStats
← Green Assassin

Pilgrims

509741958Analyzed
4v4 RM · 3d ago on Sep 27, 2026· 56m 44s· 8 players
Game mode
Random Map
Map size
Large (8 player)
Population
200
Speed
Normal
Resources
Standard
Victory
Conquest
Starting age
Dark Age
Ending age
Imperial Age
RankedLock teamsTeams togetherTeam positionsShared explorationLock speedFull tech treeHidden civsTurbo modeCheats
Victory
Defeat
🇩🇪 Armenians · Germany
1278
+13
🇺🇸 Bengalis · United States
1235
+15
🇨🇱 Romans · Chile
1205
+16
🇦🇷 Varangians · Argentina
1164
+19
🇧🇾 Japanese · Belarus
1272
-18
🇫🇷 Persians · France
1231
-16
🇧🇪 Portuguese · Belgium
1195
-15
🇧🇾 Muisca · Belarus
1168
-14
balas351
13:21 Feudal Age
16:30 Loom
21:02 Castle Age
21:26 Fishing Lines
22:59 Medium Warships
23:18 Double-Bit Axe
24:02 Forging
31:44 Scale Mail Armor
34:09 Horse Collar
37:09 Squires
39:28 Wheelbarrow
42:03 Fletching
42:14 Padded Archer Armor
46:50 Hand Cart
46:35 Gold Mining
50:07 Heavy Plow
53:48 Imperial Age
54:24 Bow Saw
54:37 Chain Mail Armor
54:57 Iron Casting
noumha
5:41 Loom
12:53 Feudal Age
17:41 Castle Age
16:11 Fishing Lines
17:17 Double-Bit Axe
17:32 Stone Mining
22:06 Imperial Age
19:52 Bow Saw
20:24 Stone Shaft Mining
19:47 Gillnets
20:47 Gold Mining
22:03 Fervor
23:31 Wheelbarrow
24:00 Two-Man Saw
23:21 Pikeman
24:41 Circumnavigation
25:05 Conscription
26:07 Hand Cart
27:29 Town Watch
27:23 Halberdier
29:06 Chemistry
28:15 Siege Engineers
28:21 Masonry
27:52 Treadmill Crane
28:34 Ballistics
28:06 Guard Tower
31:37 Architecture
32:10 Town Patrol
32:04 Fletching
32:15 Padded Archer Armor
34:30 Bombard Tower
34:08 Murder Holes
34:06 Heated Shot
36:20 Leather Archer Armor
36:00 Bodkin Arrow
36:43 Keep
36:19 Careening
36:20 Clinker Construction
36:16 Siphons
38:13 Bracer
38:43 Ring Archer Armor
38:24 Forging
38:14 Scale Mail Armor
38:21 Scale Barding Armor
39:08 Coinage
38:48 Guilds
38:39 Caravan
39:06 Dry Dock
39:07 Carvel Hull
40:14 Fortified Wall
41:16 Light Cavalry
42:06 Bloodlines
41:57 Husbandry
41:17 Cavalier
42:40 Banking
42:48 Iron Casting
42:28 Chain Mail Armor
42:34 Chain Barding Armor
41:36 Elite Caravel
42:30 Medium Warships
42:50 Crossbowman
43:36 Thumb Ring
42:52 Elite Skirmisher
45:28 Blast Furnace
44:58 Plate Mail Armor
46:34 Heavy Warships
alex.hoppus
4:36 Loom
12:38 Feudal Age
13:23 Double-Bit Axe
13:33 Gold Mining
14:28 Fishing Lines
18:35 Castle Age
18:22 Demolition Ship
21:05 Wheelbarrow
21:47 Gold Shaft Mining
21:03 Stone Mining
21:05 Fletching
27:23 Horse Collar
29:19 Heavy Plow
33:30 Imperial Age
32:23 Scale Barding Armor
32:29 Forging
33:12 Hand Cart
32:42 Town Watch
33:40 Chain Barding Armor
34:04 Cavalier
34:55 Bloodlines
34:45 Husbandry
36:22 Medium Warships
36:52 Plate Barding Armor
37:48 Heavy Warships
38:59 Bow Saw
39:51 Savar
40:24 Heavy Demolition Ship
41:47 Conscription
44:16 Iron Casting
49:37 Light Cavalry
Turmaliner
10:10 Feudal Age
12:13 Wheelbarrow
13:43 Fishing Lines
13:51 Double-Bit Axe
16:11 Loom
16:42 Gold Mining
20:44 Castle Age
18:38 Stone Mining
19:35 Scale Mail Armor
20:01 Forging
20:51 Pikeman
21:34 Squires
21:22 Crossbowman
22:21 Medium Warships
22:15 Gambesons
23:31 Gold Shaft Mining
23:13 Chain Mail Armor
25:25 Hand Cart
25:55 Fletching
26:36 Bodkin Arrow
29:16 Iron Casting
31:23 Imperial Age
28:38 Treadmill Crane
29:07 Arson
29:54 Murder Holes
30:20 Ballistics
31:05 Masonry
31:55 Yasama
32:38 Conscription
33:48 Plate Mail Armor
33:33 Horse Collar
35:44 Blast Furnace
34:33 Town Watch
36:13 Bracer
36:37 Kataparuto
39:07 Chemistry
39:20 Padded Archer Armor
40:07 Thumb Ring
41:39 Bow Saw
41:26 Arrowslits
43:20 Two-Man Saw
42:23 Heavy Plow
43:58 Leather Archer Armor
43:27 Arbalester
46:03 Ring Archer Armor
44:55 Halberdier
51:25 Scale Barding Armor
Bane Daughter of Chaos
8:25 Loom
12:04 Feudal Age
12:37 Double-Bit Axe
14:14 Forging
20:01 Horse Collar
23:16 Castle Age
23:05 Fishing Lines
24:15 Medium Warships
24:47 Iron Casting
25:18 Bow Saw
25:46 Wheelbarrow
25:12 Heavy Plow
26:43 Gillnets
30:13 Sanctity
30:03 Fervor
33:13 Imperial Age
30:44 Fletching
31:40 Bodkin Arrow
31:41 Gold Mining
31:53 Pikeman
32:34 Padded Archer Armor
33:12 Hand Cart
33:33 Bloodlines
33:24 Husbandry
35:47 Chemistry
34:50 Bracer
36:56 Gold Shaft Mining
37:11 Masonry
37:21 Ballistics
38:35 Guilds
37:53 Elite Elephant Archer
39:45 Two-Man Saw
39:51 Careening
39:51 Clinker Construction
40:20 Heavy Warships
39:48 Siege Elephant
42:49 Leather Archer Armor
43:24 Shipwright
43:25 Carvel Hull
43:37 Architecture
44:21 Ring Archer Armor
43:56 Scale Barding Armor
44:01 Paiks
44:18 Conscription
45:56 Light Cavalry
47:49 Blast Furnace
47:20 Chain Barding Armor
49:30 Pikeman
50:10 Squires
49:56 Arson
52:30 Devotion
53:31 Plate Barding Armor
54:33 Halberdier
55:17 Scale Mail Armor
MauRods
6:07 Loom
12:28 Feudal Age
13:04 Double-Bit Axe
15:09 Fletching
17:50 Fishing Lines
22:40 Castle Age
21:16 Wheelbarrow
23:43 Medium Warships
23:23 Gillnets
23:44 Bodkin Arrow
26:06 Ballistics
27:59 Gold Mining
27:59 Stone Mining
28:30 Scale Barding Armor
28:35 Forging
29:58 Bloodlines
29:49 Husbandry
30:50 Chain Barding Armor
31:05 Iron Casting
30:25 Horse Collar
33:15 Hand Cart
36:30 Imperial Age
35:18 Bow Saw
35:13 Heavy Plow
36:48 Iron Casting
37:53 Gold Shaft Mining
37:05 Cavalier
38:21 Plate Barding Armor
38:46 Blast Furnace
38:08 Conscription
40:33 Chemistry
39:49 Clinker Construction
39:55 Careening
40:51 Ballistas
43:35 Chemistry
43:15 Town Watch
43:41 Elite Centurion
49:05 Light Cavalry
51:27 Town Patrol
55:25 Heavy Warships
Valhalin
4:09 Loom
12:17 Feudal Age
13:53 Bloodlines
14:00 Scale Barding Armor
14:08 Double-Bit Axe
16:39 Horse Collar
19:23 Forging
24:19 Castle Age
22:50 Scale Mail Armor
22:56 Arson
25:08 Wheelbarrow
25:26 Chain Mail Armor
25:18 Squires
25:33 Bow Saw
25:29 Heavy Plow
28:31 Iron Casting
30:57 Husbandry
34:40 Gold Mining
35:41 Treadmill Crane
39:56 Hand Cart
39:45 Town Watch
40:16 Gambesons
45:25 Imperial Age
43:29 Vendel Legacy
47:49 Chain Barding Armor
48:57 Elite Jarl
52:41 Conscription
Green Assassin
4:52 Loom
5:19 Loom
14:23 Feudal Age
15:14 Double-Bit Axe
17:07 Fletching
20:16 Castle Age
19:51 Gold Mining
21:02 Wheelbarrow
21:15 Bodkin Arrow
20:43 Demolition Ship
21:37 Medium Warships
24:01 Cilician Fleet
24:57 Ballistics
25:54 Clinker Construction
27:32 Padded Archer Armor
27:53 Fervor
30:14 Fishing Lines
30:53 Horse Collar
31:25 Bow Saw
32:18 Man-at-Arms
36:04 Imperial Age
33:40 Squires
36:24 Leather Archer Armor
36:18 Elite Composite Bowman
37:19 Conscription
37:03 Bracer
38:09 Chemistry
37:42 Ring Archer Armor
38:54 Heavy Warships
40:08 Arson
39:44 Long Swordsman
44:55 Fereters
44:44 Two-Handed Swordsman
45:28 Scale Mail Armor
45:39 Forging
45:13 Pikeman
45:39 Gambesons
45:38 Champion
49:10 Chain Mail Armor
49:30 Iron Casting
48:58 Champion
54:26 Plate Mail Armor
54:56 Blast Furnace
55:53 Caravan
57:06 Careening
57:17 Carvel Hull
Connection lost

Rejoining the realm…

Still unreachable

The connection could not be restored.

Session expired

The server has moved on; the page needs a fresh start.